 Dungeon Crawl Stone Soup version 0.28-a0-691-gad6df49e81 (webtiles) character file.

Game seed: 13798307602625519642

2706 jdsmith2816 the Magician (level 9, -4/68 HPs)
             Began as a Mummy Conjurer on Oct 21, 2021.
             Was an Initiate of Gozag.
             Killed from afar by Harold (19 damage)
             ... with a harpoon shot
             ... on level 7 of the Dungeon on Oct 22, 2021.
             The game lasted 00:38:34 (9616 turns).

jdsmith2816 the Magician (Mummy Conjurer)           Turns: 9616, Time: 00:38:34

Health: -4/68      AC:  6    Str: 10    XL:     9   Next: 39%
Magic:  16/18      EV: 13    Int: 21    God:    Gozag
Gold:   427        SH:  0    Dex: 10    Spells: 10/20 levels left

rFire   x . .      SeeInvis .   b - +2 hunting sling
rCold   + . .      Faith    .   (no shield)
rNeg    + + +      Spirit   .   d - +1 robe
rPois   ∞          Reflect  .   (no helmet)
rElec   .          Harm     .   m - +1 cloak
rCorr   .          Rampage  .   o - +0 pair of gloves
Will    +....                   (no boots)
Stlth   ++........              k - amulet of regeneration
HPRegen 1.21/turn               (no ring)
MPRegen 0.16/turn               (no ring)

@: about to teleport
A: cold resistance 1, negative energy resistance 3, torment resistance 2, heat
vulnerability 1, no potions
a: Renounce Religion, Potion Petition, Call Merchant, Bribe Branch


You were on level 7 of the Dungeon.
You worshipped Gozag.
Gozag was aware of your devotion.
You visited 2 branches of the dungeon, and saw 9 of its levels.

You collected 505 gold pieces.
You paid 78 gold pieces to Gozag.


Innate Abilities, Weirdness & Mutations

You are immune to poison.
Your flesh is cold resistant. (rC+)
You are immune to negative energy. (rN+++)
You are immune to unholy pain and torment.
You are vulnerable to heat. (rF-)
You do not drink.


   Skills:
 + Level 5.0 Fighting
 + Level 4.5 Dodging
 - Level 1.5 Stealth
 - Level 6.0 Spellcasting
 - Level 5.0 Conjurations
 * Level 4.8 Translocations
 * Level 4.8 Earth Magic


You had 10 spell levels left.
You knew the following spells:

 Your Spells              Type           Power      Damage    Failure   Level
m - Magic Dart            Conj           100%       1d8       1%          1
s - Searing Ray           Conj           54%        2d6       1%          2
w - Stone Arrow           Conj/Erth      52%        3d10      4%          3
X - Iskenderun's Mystic   Conj/Tloc      26%        2d7       13%         4

Your spell library contained the following spells:

 Spells                   Type           Power      Damage    Failure   Level
 Sandblast                Erth           52%        2d12      1%          1
 Passwall                 Tmut/Erth      13%        N/A       5%          2
 Pain                     Necr           24%        1d5       10%         1
 Dazzling Flash           Conj/Hex       32%        N/A       11%         3
 Slow                     Hex            6%         N/A       14%         2
 Confusing Touch          Hex            6%         N/A       28%         3
 Fulminant Prism          Conj/Hex       8%         3d7       34%         4
 Borgnjor's Vile Clutch   Necr/Erth      8%         N/A       71%         5
 Agony                    Necr           6%         N/A       95%         5
 Alistair's Intoxication  Tmut/Pois      4%         N/A       95%         5
 Excruciating Wounds      Necr           3%         N/A       95%         5
 Silence                  Hex/Air        3%         N/A       95%         5
 Yara's Violent Unravell  Hex/Tmut       3%         3d4       95%         5
 Eringya's Noxious Bog    Tmut/Pois      3%         N/A       100%        6

Inventory:

Hand Weapons
 a - a +2 vorpal trident
 b - a +2 hunting sling (weapon)
 q - a +1 whip of pain
Missiles
 c - 216 stones (quivered ammo)
 f - 39 poisoned darts
 g - a throwing net {=f}
 h - 2 boomerangs
 l - 5 sling bullets
Armour
 d - a +1 robe (worn)
 m - a +1 cloak (worn)
 o - a +0 pair of gloves (worn)
Jewellery
 k - an amulet of regeneration (around neck)
 C - a ring of ice
Wands
 n - a wand of polymorph (18)
 p - a wand of paralysis (14)
Scrolls
 e - 4 scrolls of identify {@r1}
 i - 2 scrolls of teleportation {@r2}

Dungeon Overview and Level Annotations

Branches:
Dungeon (8/15)             Temple (1/1) D:6
   Lair: D:8-11

Altars:
Ashenzari
Cheibriados
Dithmenos
Elyvilon
Fedhas
Gozag
Hepliaklqana
Makhleb
Okawaru
Sif Muna
Trog
Uskayaw
Vehumet
Xom
Zin
The Shining One

Shops:
D:2 (

Annotations:
D:3 1 runed translucent door, Crazy Yiuf
D:7 Harold
D:8 Gastronok

##....## #...............
#......# #..<..........##
#......# ####..........#
#......# #..........#
#......# #........>.# ###
#..>...# #..........# ..#
#..[...# #..........# ..#
#......#######..........#
..#
#####..@.@..............#
..# #..o................#
..# #...................#
..# #...................#
### #...........#########
#........(..#
#...........#
#...........#
#...........#


You could see Harold and an orc.


Message History

You struggle against the net.
Harold hits you with a +3 dire flail!! The orc hits you with a +0 flail.
You struggle against the net.
Harold barely misses you. The orc hits you with a +0 flail.
You rip the net and break free!
Harold completely misses you. The orc barely misses you.
Harold hits you with a +3 dire flail!!
* * * LOW HITPOINT WARNING * * *
The orc hits you but does no damage.
You climb upwards.
There is a stone staircase leading down here.
Harold fires a harpoon shot at you. The harpoon shot hits you.
* * * LOW HITPOINT WARNING * * *
You are yanked forward by the harpoon shot.
Harold fires a harpoon shot at you. The harpoon shot hits you!
* * * LOW HITPOINT WARNING * * *
You are yanked forward by the harpoon shot.
The orc hits you with a +0 flail.
* * * LOW HITPOINT WARNING * * *
Harold gestures at you while chanting.
You barely resist.
The orc throws a boomerang.
The boomerang closely misses you.
As you read the scroll of teleportation {@r2}, it crumbles to dust.
You feel strangely unstable. Harold fires a harpoon shot at you.
The harpoon shot hits you!!
You die...
Your body crumbles into a pile of gold.

Skill      XL: |  1  2  3  4  5  6  7  8  9 |
---------------+----------------------------+-----
Spellcasting   | 3 4 5 6 |  6.0
Fighting       | 1 2 3 4 5 |  5.0
Dodging        | 2 3 4 |  4.5
Conjurations   | 4 5 |  5.0
Translocations | 2 4 |  4.8
Earth Magic    | 2 4 |  4.8
Stealth        | |  1.5

Action                   |  1- 3 |  4- 6 |  7- 9 || total
-------------------------+-------+-------+-------++-------
Melee: Unarmed           |    13 |       |       ||    13
       Trident           |       |     4 |    13 ||    17
 Fire: Hunting sling     |    26 |    43 |    91 ||   160
 Cast: Magic Dart        |    67 |    15 |       ||    82
       Searing Ray       |     4 |    23 |    47 ||    74
       Stone Arrow       |       |       |    28 ||    28
       Iskenderun's Myst |       |       |     1 ||     1
Evoke: Wand              |       |       |     1 ||     1
  Use: Scroll            |     7 |     3 |     5 ||    15
Armor: Robe              |     7 |     8 |    40 ||    55
Dodge: Dodged            |    40 |    25 |    71 ||   136

Levels and vault maps discovered:
D:1:      scummos_arrival_hexagon, layout_rooms, serial_corexii_hall,
          corexii_hall_statues_i, corexii_hall_statues_l,
          corexii_hall_statues_deadend, chequers_hall_statues_corner_a
D:2:      layout_basic, serial_shops, shop, basic_altar
D:3:      layout_loops_ring, dreamdust_ecumenical_altar_drowned_temple,
          item_on_display_b, uniq_grinder, uniq_ijyb, uniq_crazy_yiuf_cottage
D:4:      layout_cave_pods
D:5:      layout_rooms, minmay_statues_item
D:6:      layout_gridville, minmay_temple_entry_mist
D:7:      layout_basic
D:8:      minmay_angry_zag, layout_rooms, mainiacjoe_overflow_catch_the_wave,
          amcnicky_mini_corridor_feature, uniq_maggie, uniq_gastronok,
          uniq_harold
Temple:   eino_temple_rhombus

Notes
Turn   | Place    | Note
-------+----------+-------------------------------------------
     0 | D:1      | jdsmith2816 the Mummy Conjurer began the quest for the Orb.
     0 | D:1      | Reached XP level 1. HP: 13/13 MP: 4/4
   298 | D:1      | Reached skill level 3 in Spellcasting
   298 | D:1      | Reached XP level 2. HP: 20/20 MP: 6/6
   630 | D:1      | You fall into a shaft and drop 1 floor!
  1086 | D:1      | Reached XP level 3. HP: 25/25 MP: 5/7
  1112 | D:1      | Reached skill level 1 in Fighting
  1250 | D:2      | Found Ucwefap's Weapon Emporium.
  1766 | D:2      | Noticed a scorpion
  1869 | D:2      | Learned a level 2 spell: Searing Ray
  2205 | D:2      | Killed a scorpion
  2206 | D:2      | Reached skill level 2 in Dodging
  2206 | D:2      | Reached skill level 4 in Spellcasting
  2206 | D:2      | Reached XP level 4. HP: 29/32 MP: 1/10
  2465 | D:3      | Found a faded altar of an unknown god.
  2506 | D:3      | Reached skill level 4 in Conjurations
  2586 | D:3      | Noticed Grinder
  2597 | D:3      | Paralysed by Grinder for 7 turns
  3333 | D:3      | Reached XP level 5. HP: 29/38 MP: 7/11
  3614 | D:3      | Noticed Ijyb
  3618 | D:3      | Paralysed by Ijyb for 7 turns
  3628 | D:3      | Paralysed by Ijyb for 6 turns
  3640 | D:3      | HP: 3/38 [Ijyb (2)]
  3641 | D:3      | Killed Ijyb
  4049 | D:3      | Found a runed translucent door.
  4050 | D:3      | Noticed Crazy Yiuf
  4113 | D:3      | Paralysed by Grinder for 6 turns
  4131 | D:3      | Paralysed by Grinder for 7 turns
  4139 | D:3      | Killed Grinder
  4140 | D:3      | Reached skill level 2 in Fighting
  4140 | D:3      | Reached skill level 5 in Spellcasting
  4140 | D:3      | Reached XP level 6. HP: 15/46 MP: 0/13
  5323 | D:5      | Entered Level 5 of the Dungeon
  5397 | D:5      | Reached XP level 7. HP: 40/51 MP: 6/15
  5463 | D:5      | Learned a level 3 spell: Stone Arrow
  5468 | D:5      | Learned a level 4 spell: Iskenderun's Mystic Blast
  5569 | D:5      | Reached skill level 3 in Fighting
  5569 | D:5      | Reached skill level 3 in Dodging
  5569 | D:5      | Reached skill level 5 in Conjurations
  5903 | D:5      | Reached skill level 6 in Spellcasting
  5908 | D:5      | Reached skill level 1 in Translocations
  5908 | D:5      | Reached skill level 1 in Earth Magic
  5985 | D:5      | You fall into a shaft and drop 2 floors!
  5985 | D:7      | Noticed a troll
  6490 | D:6      | Reached skill level 2 in Translocations
  6490 | D:6      | Reached skill level 2 in Earth Magic
  6490 | D:6      | Reached XP level 8. HP: 58/58 MP: 12/17
  6879 | D:6      | Found a staircase to the Ecumenical Temple.
  6937 | Temple   | Entered the Ecumenical Temple
  7127 | Temple   | Became a worshipper of Gozag Ym Sagoz the Greedy
  7434 | D:6      | Reached skill level 3 in Translocations
  7442 | D:6      | Reached skill level 3 in Earth Magic
  7447 | D:6      | Reached skill level 4 in Fighting
  7895 | D:7      | Killed a troll
  7896 | D:7      | Reached skill level 4 in Dodging
  8111 | D:7      | Reached skill level 4 in Translocations
  8111 | D:7      | Reached skill level 4 in Earth Magic
  8111 | D:7      | Reached XP level 9. HP: 66/66 MP: 4/18
  9011 | D:8      | Noticed Maggie
  9079 | D:8      | Killed Maggie
  9390 | D:8      | Noticed Gastronok
  9453 | D:8      | Reached skill level 5 in Fighting
  9590 | D:8      | Noticed Harold
  9616 | D:7      | Killed from afar by Harold

Vanquished Creatures
  Maggie (D:8)
  A troll (D:7)
  Grinder (D:3)
  A steam dragon (D:7)
  A black bear (D:5)
  An ice beast (D:6)
  An ogre (D:5)
  An orc warrior (D:6)
  A necrophage (D:7)
  A sky beast (D:7)
  3 scorpions
  5 bullfrogs
  A hound (D:5)
  2 jellies (D:6)
  3 orc priests
  A bullfrog skeleton (D:5)
  A gnoll shaman (D:6)
  3 iguanas
  A centaur skeleton (D:7)
  Ijyb (D:3)
  7 orc wizards
  A killer bee zombie (D:6)
  A hound zombie (D:5)
  A howler monkey skeleton (D:6)
  5 gnolls (D:6)
  7 adders
  A shadow imp (D:7)
  3 white imps
  A worm (D:2)
  4 dart slugs
  18 orcs
  3 bats
  6 endoplasms
  3 giant cockroaches
  8 goblins
  9 hobgoblins
  7 jackals
  6 kobolds
  3 quokkas
  6 ball pythons
  5 rats
  A spectral hobgoblin (D:3)
137 creatures vanquished.

Vanquished Creatures (others)
  A kobold (D:8)
  52 plants (D:8)
53 creatures vanquished.

Grand Total: 190 creatures vanquished

Table legend: (Time is in decaauts)
 A = Elapsed time spent in this place.
 B = Non-inter-level travel time spent in this place.
 C = Inter-level travel time spent in this place.
 D = Time resting spent in this place.
 E = Time spent auto-exploring this place.
 F = Levels seen in this place.
 G = Mean time per level.
                   A        B        C        D        E       F      G
               +--------+--------+--------+--------+--------+-----+--------+
         Total |   9664 |   9285 |    379 |   2838 |   5080 |   9 | 1073.8 |
       Dungeon |   9457 |   9122 |    335 |   2838 |   4932 |   8 | 1182.1 |
        Temple |    206 |    162 |     44 |      0 |    148 |   1 |  206.0 |
               +--------+--------+--------+--------+--------+-----+--------+

Top non-repeatable levels by time:
     D:3: 2189 daAuts
     D:7: 1508 daAuts
     D:6: 1452 daAuts
     D:2: 1302 daAuts
     D:1: 1003 daAuts
     D:5: 885 daAuts
     D:4: 847 daAuts
     D:8: 268 daAuts
  Temple: 206 daAuts

Table legend:
 A = Non-vault XP
 B = Vault XP
 C = Vault XP percentage of total XP
 D = Non-vault monster count
 E = Vault monster count
 F = Vault count percentage of total count
                 A         B        C        D         E       F
            +---------+---------+-------+---------+---------+-------
      Total |    3119 |     747 |  19.3 |     133 |       4 |   2.9
            +---------+---------+-------+---------+---------+-------
        D:1 |      37 |       0 |   0.0 |      19 |       0 |   0.0
        D:2 |     121 |       0 |   0.0 |      16 |       0 |   0.0
        D:3 |      79 |     323 |  80.3 |      17 |       3 |  15.0
        D:4 |      97 |       0 |   0.0 |      18 |       0 |   0.0
        D:5 |     422 |       0 |   0.0 |       8 |       0 |   0.0
        D:6 |    1146 |       0 |   0.0 |      34 |       0 |   0.0
        D:7 |    1044 |       0 |   0.0 |      14 |       0 |   0.0
        D:8 |     173 |     424 |  71.0 |       7 |       1 |  12.5
            +---------+---------+-------+---------+---------+-------
